Construct Section Command Post
Selects Indian Artillery Battlegroup
Selects Towed ML 4.2-inch Heavy Mortar
Towed ML 4.2-inch Heavy Mortar
Construct Platoon Command Post
6-pounder Anti-tank Gun Team
6-pounder Anti-tank Gun Team
Construct Field Infirmary
Selects Gurkha Rifles Section
Construct Company Command Post
6-pounder Anti-tank Gun Team
Unlock M3 Grant Medium Tanks
Selects Volunteer Infantry
Selects Off-map Airburst Barrage
Selects BL5.5 Artillery Emplacement